 Dungeon Crawl Stone Soup version 0.31-a0-435-g2c6fae2916 (webtiles) character file.

Game seed: 1768779994995869446

730 AdnanSaban the Covered (level 7, 0/44 HPs)
             Began as a Gargoyle Fighter on Aug 1, 2023.
             Was a Follower of Okawaru.
             Slain by a steam dragon (8 damage)
             ... on level 5 of the Dungeon.
             The game lasted 00:04:31 (4982 turns).

AdnanSaban the Covered (Gargoyle Fighter)           Turns: 4982, Time: 00:04:32

Health: 0/44       AC: 21    Str: 22    XL:     7   Next: 73%
Magic:  7/7        EV:  7    Int:  8    God:    Okawaru [*.....]
Gold:   234        SH:  0    Dex:  9    Spells: 6/6 levels left

rFire   . . .        a - +0 flail
rCold   . . .        (no shield)
rNeg    + . .        v - +0 plate armour
rPois   ∞            (no helmet)
rElec   +            (no cloak)
rCorr   .            (no gloves)
SInv    .            (no boots)
Will    .....        (no amulet) Stlth
                     r - +4 ring of protection
HPRegen 0.27/turn    (no ring)
MPRegen 0.10/turn

%: no passive effects
@: no status effects
A: sickness immunity, AC +4, negative energy resistance 1, electricity
resistance, torment resistance 1, petrification resistance
a: Renounce Religion, Heroism


You were on level 5 of the Dungeon.
You worshipped Okawaru.
Okawaru was aware of your devotion.
You visited 2 branches of the dungeon, and saw 7 of its levels.

You collected 234 gold pieces.

Inventory:

Hand Weapons
 a - a +0 flail (weapon)
Missiles
 k - 12 poisoned darts
Armour
 v - a +0 plate armour (worn)
Jewellery
 r - a +4 ring of protection (left hand)
Wands
 c - a wand of roots (12)
 s - a wand of digging (6)
 t - a wand of charming (10)
Scrolls
 b - 2 scrolls of revelation {unknown}
 e - 2 scrolls of fear {unknown}
 f - 2 scrolls of blinking {unknown}
 h - a scroll of identify {unknown}
 i - 4 scrolls of teleportation {unknown}
 j - 3 scrolls of noise {unknown}
 l - a scroll of enchant armour {unknown}
 p - a scroll of immolation {unknown}
 u - a scroll of vulnerability {unknown}
 w - a scroll of enchant weapon {unknown}
Potions
 d - 2 potions of might
 g - a potion of berserk rage {unknown}
 m - a potion of invisibility {unknown}
 n - a potion of haste {unknown}
 o - a potion of mutation {unknown}
 q - 2 potions of enlightenment {unknown}
 x - a potion of degeneration {unknown}
 z - 2 potions of curing {unknown}
 A - a potion of resistance {unknown}
 B - a potion of heal wounds {unknown}
 C - a potion of lignification {unknown}


   Skills:
 + Level 5.1 Fighting
 + Level 5.7 Maces & Flails
 + Level 5.7 Armour
 + Level 1.4 Dodging
 + Level 0.3 Stealth
 + Level 3.6 Shields


You had 6 spell levels left.
You didn't know any spells.
Your spell library was empty.

Dungeon Overview and Level Annotations

Branches:
Dungeon (6/15)             Temple (1/1) D:4

Altars:
Cheibriados
Dithmenos
Elyvilon
Fedhas
Gozag
Hepliaklqana
Kikubaaqudgha
Makhleb
Nemelex Xobeh
Okawaru
Qazlal
Ru
Trog
Uskayaw
Vehumet
Wu Jian
Xom
Yredelemnul

Annotations:
D:5 Prince Ribbit
Temple 2 transporters


Innate Abilities, Weirdness & Mutations

You are immune to sickness and miasma.
Your stone body is resilient. (AC +4)
You are immune to poison.
You resist negative energy. (rN+)
You are resistant to electric shocks. (rElec)
You are resistant to unholy torment.
You are immune to petrification.


Message History

The steam dragon claws you but does no damage.
You closely miss the steam dragon.
The steam dragon is heavily wounded.
The steam dragon breathes steam at you.
The ball of steam hits you but does no damage.
You closely miss the steam dragon.
The steam dragon is heavily wounded.
You are engulfed in a cloud of scalding steam.
The steam dragon bites you but does no damage.
The steam dragon claws you but does no damage.
The steam dragon bites you but does no damage.
The steam dragon claws you but does no damage.
You closely miss the steam dragon.
The steam dragon is heavily wounded.
The steam dragon bites you but does no damage.
The steam dragon claws you.
You completely miss the steam dragon.
The steam dragon is heavily wounded.
The steam dragon bites you but does no damage.
The steam dragon claws you but does no damage.
You hit the steam dragon but do no damage.
The steam dragon is heavily wounded.
The steam dragon bites you but does no damage.
The steam dragon claws you but does no damage.
You hit the steam dragon.
The steam dragon is severely wounded.
The steam dragon bites you but does no damage.
The steam dragon claws you but does no damage.
You hit the steam dragon.
The steam dragon is severely wounded.
The steam dragon bites you.
* * * LOW HITPOINT WARNING * * *
The steam dragon claws you but does no damage.
The steam dragon bites you but does no damage.
The steam dragon claws you.
* * * LOW HITPOINT WARNING * * *
You hit the steam dragon.
The steam dragon is severely wounded.
The steam dragon bites you!
You die...

.... +.....' #....
####### ##.....
.#......
................
................
##................
###.......##........
#..>D.....##........
#..@................
#.......###.........
#.......# ........
#..$.....# ........
#........# ##......
#........# ........
#........# ........
#........+ ........
........


You could see a steam dragon.

Vanquished Creatures
  A bullfrog (D:5)
  3 scorpions
  2 hounds
  A jelly (D:6)
  An orc priest (D:4)
  An iguana (D:4)
  14 gnolls
  9 adders
  A shadow imp (D:5)
  2 white imps (D:5)
  An ufetubus (D:5)
  2 worms
  4 dart slugs
  7 orcs
  13 ball pythons
  5 endoplasms
  2 giant cockroaches
  7 goblins
  5 hobgoblins
  4 jackals (D:3)
  7 kobolds
  3 quokkas
  10 bats
  3 frilled lizards
  2 rats (D:1)
110 creatures vanquished.

Notes
Turn   | Place    | Note
-------+----------+-------------------------------------------
     0 | D:1      | AdnanSaban the Gargoyle Fighter began the quest for the
                  | Orb.
     0 | D:1      | Reached XP level 1. HP: 14/14 MP: 1/1
   178 | D:1      | Reached XP level 2. HP: 19/19 MP: 2/2
   802 | D:1      | Reached XP level 3. HP: 20/24 MP: 3/3
  1246 | D:2      | Found a radiant altar of Vehumet.
  1507 | D:2      | Identified the +1 robe of Gozag's Righteous Fury {rElec}
  1579 | D:2      | Reached XP level 4. HP: 29/29 MP: 4/4
  2116 | D:3      | Reached skill level 1 in Dodging
  2116 | D:3      | Reached XP level 5. HP: 33/33 MP: 5/5
  2468 | D:3      | Identified the +3 leather armour of the Blushing Gods {rF+
                  | rN+++ Slay-5 SInv}
  2475 | D:3      | Found a faded altar of an unknown god.
  2684 | D:3      | Found a hazy altar of Hepliaklqana.
  3006 | D:4      | Found a staircase to the Ecumenical Temple.
  3021 | Temple   | Found a transporter.
  3021 | Temple   | Found a transporter.
  3021 | Temple   | Found a transporter.
  3021 | Temple   | Found a transporter.
  3021 | Temple   | Entered the Ecumenical Temple
  3045 | Temple   | Became a worshipper of Warmaster Okawaru
  3291 | D:4      | Noticed an ogre
  3487 | D:4      | Reached XP level 6. HP: 24/38 MP: 6/6
  4044 | D:5      | Entered Level 5 of the Dungeon
  4206 | D:5      | Reached skill level 5 in Armour
  4216 | D:5      | Found a basalt altar of Yredelemnul.
  4297 | D:5      | Reached XP level 7. HP: 34/44 MP: 7/7
  4352 | D:5      | Reached skill level 5 in Maces & Flails
  4424 | D:5      | Noticed Prince Ribbit
  4889 | D:6      | Reached skill level 5 in Fighting
  4939 | D:6      | Found a sparkling altar of Nemelex Xobeh.
  4954 | D:6      | Noticed a steam dragon
  4961 | D:5      | Reached * piety under Okawaru
  4982 | D:5      | Slain by a steam dragon

Illustrated notes

Levels and vault maps discovered:
D:1:      dpeg_arrival_pits, layout_basic, serial_forest,
          infiniplex_forest_lined_room_2, infiniplex_forest_straight_3,
          infiniplex_forest_clump_long, infiniplex_forest_corner_2,
          infiniplex_forest_lined_room_2, infiniplex_forest_straight_3
D:2:      layout_basic, basic_altar, serial_glass, glass_columns_a,
          glass_columns_b, glass_columns_c, glass_columns_a, glass_columns_a,
          glass_columns_a, glass_columns_c, glass_columns_a, glass_columns_b,
          glass_columns_b
D:3:      layout_basic, nzn_hepliaklqana_mist_gate,
          hellmonk_ecumenical_altar_zigzags
D:4:      layout_gridville, minmay_temple_entry_slanted, grunt_tough_drop
D:5:      layout_basic, mainiacjoe_overflow_catwalk, minivault_25,
          uniq_prince_ribbit1, uniq_blork_the_orc
D:6:      layout_loops_ring, mainiacjoe_overflow_six_doors_small,
          gup_sewer_entry_glass, serial_park_tiny_1, uniq_edmund
Temple:   hellmonk_temple_divided_pantheon

Skill      XL: |  1  2  3  4  5  6  7 |
---------------+----------------------+-----
Fighting       | 4 5 |  5.1
Maces & Flails | 3 4 5 |  5.7
Armour         | 4 5 |  5.7
Dodging        | 1 |  1.4
Stealth        | |  0.3
Shields        | |  3.6

Action                     |  1- 3 |  4- 6 |  7- 9 || total
---------------------------+-------+-------+-------++-------
  Melee: Flail             |   118 |   223 |    95 ||   436
         Punch             |       |       |     1 ||     1
 Armour: Scale mail        |    66 |    36 |       ||   102
         Plate armour      |       |   158 |   102 ||   260
  Dodge: Dodged            |    62 |   107 |    38 ||   207
  Block: Buckler           |    27 |    12 |       ||    39

Table legend: (Time is in decaauts)
 A = Elapsed time spent in this place.
 B = Non-inter-level travel time spent in this place.
 C = Inter-level travel time spent in this place.
 D = Time resting spent in this place.
 E = Time spent auto-exploring this place.
 F = Levels seen in this place.
 G = Mean time per level.
                   A        B        C        D        E       F      G
               +--------+--------+--------+--------+--------+-----+--------+
         Total |   5085 |   4920 |    165 |    195 |   3704 |   7 |  726.4 |
       Dungeon |   5045 |   4887 |    158 |    195 |   3704 |   6 |  840.8 |
        Temple |     39 |     32 |      7 |      0 |      0 |   1 |   39.0 |
               +--------+--------+--------+--------+--------+-----+--------+

Top non-repeatable levels by time:
     D:4: 1265 daAuts
     D:1: 1123 daAuts
     D:3: 1028 daAuts
     D:2: 797 daAuts
     D:5: 749 daAuts
     D:6: 81 daAuts
  Temple: 39 daAuts
